AoeStats
← STRATCOM

Arabia

508976911Analyzed
1v1 RM · 8d ago on Sep 24, 2026· 25m 43s· 2 players
Game mode
Random Map
Map size
Tiny (2 player)
Population
200
Speed
Normal
Resources
Standard
Victory
Conquest
Starting age
Dark Age
Ending age
Imperial Age
RankedLock teamsTeams togetherTeam positionsShared explorationLock speedFull tech treeHidden civsTurbo modeCheats
Victory
Defeat
🇺🇸 Portuguese · United States
405
+12
🇫🇷 Turks · France
307
-12
starttherevolution
6:26 Loom
12:07 Feudal Age
17:41 Castle Age
20:56 Wheelbarrow
24:38 Double-Bit Axe
STRATCOM
0:33 Loom
12:40 Feudal Age
13:10 Horse Collar
13:39 Town Watch
15:24 Wheelbarrow
15:09 Double-Bit Axe
16:18 Gold Mining
16:19 Stone Mining
22:03 Castle Age
21:09 Forging
21:05 Scale Barding Armor
24:08 Town Patrol
Connection lost

Rejoining the realm…

Still unreachable

The connection could not be restored.

Session expired

The server has moved on; the page needs a fresh start.